% Time on Ice - KELOWNA ROCKETS
Lines # - Real PCT - Wanted PCT - Time Play
Normal Forward
1 - 34% - 35% - 15:20
2 - 32% - 35% - 14:46
3 - 22% - 23% - 10:05
4 - 12% - 7% - 5:29
Normal Defense
1 - 35% - 36% - 15:58
2 - 31% - 28% - 14:09
3 - 24% - 20% - 11:00
4 - 10% - 16% - 4:33
PP Forward
1 - 51% - 75% - 1:01
2 - 49% - 25% - 0:58
PP Defense
1 - 49% - 75% - 0:58
2 - 51% - 25% - 1:01
PK Forward
1 - 59% - 55% - 6:04
2 - 41% - 45% - 4:18
PK Defense
1 - 49% - 55% - 5:04
2 - 51% - 45% - 5:18
PK3 Forward
1 - 60% - 55% - 0:59
2 - 40% - 45% - 0:40
PK3 Defense
1 - 16% - 55% - 0:16
2 - 84% - 45% - 1:23
44 Forward
1 - 0% - 50% - 0:00
2 - 100% - 50% - 0:20
44 Defense
1 - 0% - 50% - 0:00
2 - 100% - 50% - 0:20
Last Minute Offensive  - 0:00
Last Minute Defensive  - 0:00
Total
Forward - 60:00
Defense - 60:00
% Time on Ice - COLORADO GLACIERCATS
Lines # - Real PCT - Wanted PCT - Time Play
Normal Forward
1 - 34% - 35% - 15:18
2 - 34% - 35% - 15:41
3 - 22% - 25% - 10:15
4 - 10% - 5% - 4:26
Normal Defense
1 - 37% - 35% - 16:43
2 - 35% - 30% - 15:54
3 - 23% - 23% - 10:19
4 - 6% - 12% - 2:44
PP Forward
1 - 58% - 60% - 6:03
2 - 42% - 40% - 4:19
PP Defense
1 - 53% - 50% - 5:32
2 - 47% - 50% - 4:50
PK Forward
1 - 41% - 50% - 0:49
2 - 59% - 50% - 1:10
PK Defense
1 - 59% - 55% - 1:10
2 - 41% - 45% - 0:49
PK3 Forward
1 - 0% - 55%
2 - 0% - 45%
PK3 Defense
1 - 0% - 50%
2 - 0% - 50%
44 Forward
1 - 43% - 50% - 0:51
2 - 57% - 50% - 1:08
44 Defense
1 - 43% - 50% - 0:51
2 - 57% - 50% - 1:08
Last Minute Offensive  - 0:00
Last Minute Defensive  - 0:00
Total
Forward - 60:00
Defense - 60:00
Play-by-Play 1st period 0:01 of 1st period - Patrice Bergeron wins face-off versus Evgeny Kuznetsov in neutral zone. 0:24 of 1st period - Icing by Drew Doughty. 0:25 of 1st period - Evgeny Kuznetsov wins face-off versus Jordan Staal in KELOWNA ROCKETS zone. 0:37 of 1st period - Shot by Alexander Ovechkin. 0:37 of 1st period - Shot Misses the Net. 1:11 of 1st period - Shot by Artemi Panarin. 1:11 of 1st period - Stopped by Tuukka Rask without a rebound. 1:12 of 1st period - Lucas Wallmark wins face-off versus Nick Bjugstad in KELOWNA ROCKETS zone. 1:12 of 1st period - Paul Byron is hit by Dmitri Orlov and loses puck. 1:28 of 1st period - Shot by Zach Aston-Reese. 1:28 of 1st period - Stopped by Tuukka Rask without a rebound. 1:29 of 1st period - Anthony Cirelli wins face-off versus Patrice Bergeron in KELOWNA ROCKETS zone. 1:39 of 1st period - Minor Penalty to Nikita Zadorov for Cross-checking. 1:40 of 1st period - Patrice Bergeron wins face-off versus Anthony Cirelli in KELOWNA ROCKETS zone. 2:01 of 1st period - Shot by Joe Pavelski. 2:01 of 1st period - Stopped by Tuukka Rask without a rebound. 2:02 of 1st period - Nick Bjugstad wins face-off versus Jordan Staal in KELOWNA ROCKETS zone. 2:17 of 1st period - Shot by Brayden Schenn. 2:17 of 1st period - Shot Misses the Net. 2:22 of 1st period - Off-side. 2:23 of 1st period - Patrice Bergeron wins face-off versus Nick Bjugstad in neutral zone. 3:04 of 1st period - Shot by Patrice Bergeron. 3:04 of 1st period - Goal by Patrice Bergeron - KELOWNA ROCKETS : 0 - COLORADO GLACIERCATS : 1. 3:05 of 1st period - Evgeny Kuznetsov wins face-off versus Lucas Wallmark in neutral zone. 3:24 of 1st period - Shot by Vladimir Tarasenko. 3:24 of 1st period - Stopped by Pekka Rinne without a rebound. 3:25 of 1st period - Anthony Cirelli wins face-off versus Devin Shore in COLORADO GLACIERCATS zone. 3:31 of 1st period - Devin Shore is hit by Nikita Zadorov and loses puck. 3:37 of 1st period - Tom Pyatt is hit by Nikita Zadorov and loses puck. 3:45 of 1st period - Shot by Tom Pyatt. 3:45 of 1st period - Stopped by Tuukka Rask with a rebound. 3:47 of 1st period - Shot by Ben Lovejoy. 3:47 of 1st period - Stopped by Tuukka Rask without a rebound. 3:48 of 1st period - Nick Bjugstad wins face-off versus Patrice Bergeron in KELOWNA ROCKETS zone. 4:09 of 1st period - Shot by Patrice Bergeron. 4:09 of 1st period - Stopped by Tuukka Rask without a rebound. 4:10 of 1st period - Anthony Cirelli wins face-off versus Jordan Staal in KELOWNA ROCKETS zone. 4:10 of 1st period - Anthony Cirelli is hit by Jordan Staal. 4:47 of 1st period - Shot by Brayden Schenn. 4:47 of 1st period - Stopped by Tuukka Rask without a rebound. 4:48 of 1st period - Patrice Bergeron wins face-off versus Nick Bjugstad in KELOWNA ROCKETS zone. 4:57 of 1st period - Shot by Joe Pavelski. 4:57 of 1st period - Deflect By Patrice Bergeron. 4:57 of 1st period - Shot Misses the Net. 4:59 of 1st period - Shot by Carl Hagelin. 4:59 of 1st period - Stopped by Tuukka Rask without a rebound. 4:59 of 1st period - Minor Penalty to Marcus Pettersson for Tripping. 5:00 of 1st period - Patrice Bergeron wins face-off versus Nick Bjugstad in KELOWNA ROCKETS zone. 6:56 of 1st period - Shot by Joe Pavelski. 6:56 of 1st period - Stopped by Tuukka Rask without a rebound. 6:57 of 1st period - Patrice Bergeron wins face-off versus Nick Bjugstad in KELOWNA ROCKETS zone. 7:17 of 1st period - Tom Pyatt is hit by Alexander Ovechkin and loses puck. 7:26 of 1st period - Shot by Vladimir Tarasenko. 7:26 of 1st period - Goal by Vladimir Tarasenko - KELOWNA ROCKETS : 1 - COLORADO GLACIERCATS : 1. 7:27 of 1st period - Nick Bjugstad wins face-off versus Patrice Bergeron in neutral zone. 7:37 of 1st period - Shot by Joe Pavelski. 7:37 of 1st period - Shot Blocked by Drew Doughty. 7:39 of 1st period - Shot by Carl Hagelin. 7:39 of 1st period - Shot Hit the Post. 7:41 of 1st period - Shot by John Klingberg. 7:41 of 1st period - Shot Blocked by Drew Doughty. 7:43 of 1st period - Shot by Patrice Bergeron. 7:43 of 1st period - Shot Blocked by Marcus Pettersson. 7:45 of 1st period - Shot by Joe Pavelski. 7:45 of 1st period - Shot Misses the Net. 7:51 of 1st period - Shot by Joe Pavelski. 7:51 of 1st period - Shot Blocked by Drew Doughty. 9:59 of 1st period - Paul Byron is hit by Jonas Siegenthaler and loses puck. 10:03 of 1st period - Icing by Dmitri Orlov. 10:04 of 1st period - Tyler Bertuzzi wins face-off versus Carl Hagelin in KELOWNA ROCKETS zone. 10:19 of 1st period - Shot by Joe Pavelski. 10:19 of 1st period - Shot Misses the Net. 10:45 of 1st period - Shot by Joe Pavelski. 10:45 of 1st period - Shot Misses the Net. 10:47 of 1st period - Shot by Joe Pavelski. 10:47 of 1st period - Shot Hit the Post. 11:06 of 1st period - Artemi Panarin is hit by Jonas Siegenthaler and loses puck. 11:37 of 1st period - Shot by Jordan Staal. 11:37 of 1st period - Shot Misses the Net. 11:39 of 1st period - Shot by Brayden Schenn. 11:39 of 1st period - Shot Misses the Net. 11:41 of 1st period - Shot by Ryan Ellis. 11:41 of 1st period - Shot Blocked by Vladimir Tarasenko. 11:43 of 1st period - Shot by Brayden Schenn. 11:43 of 1st period - Stopped by Tuukka Rask without a rebound. 11:44 of 1st period - Lucas Wallmark wins face-off versus Colby Cave in KELOWNA ROCKETS zone. 11:44 of 1st period - Minor Penalty to Nikita Zadorov for Holding. 11:45 of 1st period - Nick Bjugstad wins face-off versus Patrice Bergeron in KELOWNA ROCKETS zone. 11:54 of 1st period - Shot by Vladimir Tarasenko. 11:54 of 1st period - Stopped by Pekka Rinne with a rebound. 11:58 of 1st period - Shot by Vladimir Tarasenko. 11:58 of 1st period - Stopped by Pekka Rinne without a rebound. 11:59 of 1st period - Jordan Staal wins face-off versus Nick Bjugstad in COLORADO GLACIERCATS zone. 12:51 of 1st period - Icing by Ryan Ellis. 12:52 of 1st period - Anthony Cirelli wins face-off versus Patrice Bergeron in COLORADO GLACIERCATS zone. 13:26 of 1st period - Shot by Joakim Nordstrom. 13:26 of 1st period - Shot Blocked by Ryan Ellis. 14:37 of 1st period - Matthew Peca is hit by Mark Giordano and loses puck. 15:48 of 1st period - Shot by Artemi Panarin. 15:48 of 1st period - Shot Misses the Net. 15:50 of 1st period - Shot by Jordan Staal. 15:50 of 1st period - Goal by Jordan Staal - KELOWNA ROCKETS : 1 - COLORADO GLACIERCATS : 2. 15:51 of 1st period - Patrice Bergeron wins face-off versus Evgeny Kuznetsov in neutral zone. 15:56 of 1st period - Shot by Joe Pavelski. 15:56 of 1st period - Shot Misses the Net. 16:06 of 1st period - Shot by Alexander Ovechkin. 16:06 of 1st period - Deflect By Evgeny Kuznetsov. 16:06 of 1st period - Stopped by Pekka Rinne without a rebound. 16:07 of 1st period - Jay Beagle wins face-off versus Tyler Bertuzzi in COLORADO GLACIERCATS zone. 16:24 of 1st period - Shot by James van Riemsdyk. 16:24 of 1st period - Goal by James van Riemsdyk - KELOWNA ROCKETS : 2 - COLORADO GLACIERCATS : 2. 16:25 of 1st period - Patrice Bergeron wins face-off versus Evgeny Kuznetsov in neutral zone. 16:25 of 1st period - Minor Penalty to Alexander Ovechkin for Hooking. 16:26 of 1st period - Patrice Bergeron wins face-off versus Anthony Cirelli in KELOWNA ROCKETS zone. 16:29 of 1st period - Shot by Joe Pavelski. 16:29 of 1st period - Shot Blocked by Anthony Cirelli. 16:31 of 1st period - Shot by Joe Pavelski. 16:31 of 1st period - Deflect By Artemi Panarin. 16:31 of 1st period - Stopped by Tuukka Rask without a rebound. 16:32 of 1st period - Anthony Cirelli wins face-off versus Artemi Panarin in KELOWNA ROCKETS zone. 17:06 of 1st period - Shot by Patrice Bergeron. 17:06 of 1st period - Goal by Patrice Bergeron - KELOWNA ROCKETS : 2 - COLORADO GLACIERCATS : 3. 17:07 of 1st period - Lucas Wallmark wins face-off versus Evgeny Kuznetsov in neutral zone. 17:16 of 1st period - Paul Byron is hit by Drew Doughty and loses puck. 17:21 of 1st period - Shot by Lucas Wallmark. 17:21 of 1st period - Shot Blocked by Evgeny Kuznetsov. 17:35 of 1st period - Paul Byron is hit by Drew Doughty and loses puck. 17:57 of 1st period - Icing by Dmitri Orlov. 17:58 of 1st period - Evgeny Kuznetsov wins face-off versus Patrice Bergeron in KELOWNA ROCKETS zone. 17:58 of 1st period - Evgeny Kuznetsov is hit by Carl Hagelin. 18:10 of 1st period - Icing by Dmitri Orlov. 18:11 of 1st period - Jordan Staal wins face-off versus Evgeny Kuznetsov in KELOWNA ROCKETS zone. 18:14 of 1st period - Shot by Jordan Staal. 18:14 of 1st period - Stopped by Tuukka Rask with a rebound. 18:16 of 1st period - Shot by Brayden Schenn. 18:16 of 1st period - Stopped by Tuukka Rask with a rebound. 18:18 of 1st period - Shot by Jordan Staal. 18:18 of 1st period - Stopped by Tuukka Rask with a rebound. 18:51 of 1st period - Artemi Panarin is hit by Dmitri Orlov and loses puck. 19:30 of 1st period - Shot by Patrice Bergeron. 19:30 of 1st period - Stopped by Tuukka Rask with a rebound. 19:32 of 1st period - Shot by Patrice Bergeron. 19:32 of 1st period - Shot Misses the Net. 19:53 of 1st period - Icing by Nikita Zadorov. 19:54 of 1st period - Lucas Wallmark wins face-off versus Anthony Cirelli in KELOWNA ROCKETS zone. 19:59 of 1st period - Shot by Paul Byron. 19:59 of 1st period - Stopped by Tuukka Rask without a rebound. Goals for this period are 2 for KELOWNA ROCKETS vs 3 for COLORADO GLACIERCATS. Shots for this period are 6 for KELOWNA ROCKETS vs 19 for COLORADO GLACIERCATS. 2nd period 0:01 of 2nd period - Patrice Bergeron wins face-off versus Evgeny Kuznetsov in neutral zone. 0:09 of 2nd period - Icing by Marcus Pettersson. 0:10 of 2nd period - Jordan Staal wins face-off versus Evgeny Kuznetsov in KELOWNA ROCKETS zone. 0:13 of 2nd period - Shot by Brayden Schenn. 0:13 of 2nd period - Shot Misses the Net. 0:35 of 2nd period - Shot by Evgeny Kuznetsov. 0:35 of 2nd period - Deflect By Vladimir Tarasenko. 0:35 of 2nd period - Shot Misses the Net. 0:52 of 2nd period - Artemi Panarin is hit by Marcus Pettersson and loses puck. 1:34 of 2nd period - Anthony Cirelli is hit by Shea Weber and loses puck. 1:53 of 2nd period - Shot by Joe Pavelski. 1:53 of 2nd period - Shot Misses the Net. 1:55 of 2nd period - Shot by Shea Weber. 1:55 of 2nd period - Stopped by Tuukka Rask without a rebound. 1:56 of 2nd period - Lucas Wallmark wins face-off versus Nick Bjugstad in KELOWNA ROCKETS zone. 2:10 of 2nd period - Icing by Jordan Eberle. 2:11 of 2nd period - Nick Bjugstad wins face-off versus Jay Beagle in KELOWNA ROCKETS zone. 2:16 of 2nd period - Shot by Pavel Buchnevich. 2:16 of 2nd period - Shot Misses the Net. 2:23 of 2nd period - Off-side. 2:24 of 2nd period - Jordan Staal wins face-off versus Evgeny Kuznetsov in neutral zone. 2:26 of 2nd period - Off-side. 2:27 of 2nd period - Evgeny Kuznetsov wins face-off versus Patrice Bergeron in neutral zone. 2:54 of 2nd period - Drew Doughty is hit by Carl Hagelin and loses puck. 3:07 of 2nd period - Shot by Vladimir Tarasenko. 3:07 of 2nd period - Shot Misses the Net. 3:25 of 2nd period - Shot by James van Riemsdyk. 3:25 of 2nd period - Stopped by Pekka Rinne with a rebound. 3:35 of 2nd period - Anthony Cirelli is hit by Carl Hagelin and loses puck. 3:46 of 2nd period - Brayden Schenn is hit by Anthony Cirelli and loses puck. 3:55 of 2nd period - Shot by Artemi Panarin. 3:55 of 2nd period - Shot Misses the Net. 3:57 of 2nd period - Shot by Ryan Ellis. 3:57 of 2nd period - Stopped by Tuukka Rask without a rebound. 3:58 of 2nd period - Nick Bjugstad wins face-off versus Lucas Wallmark in KELOWNA ROCKETS zone. 3:58 of 2nd period - Nick Bjugstad is hit by Paul Byron. 4:19 of 2nd period - Lucas Wallmark is hit by Nikita Zadorov. 4:23 of 2nd period - Shot by Paul Byron. 4:23 of 2nd period - Stopped by Tuukka Rask without a rebound. 4:24 of 2nd period - Jordan Staal wins face-off versus Evgeny Kuznetsov in KELOWNA ROCKETS zone. 4:24 of 2nd period - Brayden Schenn is hit by Drew Doughty and loses puck. 4:48 of 2nd period - Vladimir Tarasenko is hit by Jordan Staal and loses puck. 5:01 of 2nd period - Shot by Alexander Ovechkin. 5: